 Dungeon Crawl Stone Soup version 0.31-a0-981-geadf994 (webtiles) character file.

Game seed: 15320807768790029422

2067786 UnitStreak the Marksgnoll (level 26, 213/213 HPs)
             Began as a Gnoll Hunter on Nov 1, 2023.
             Was an Initiate of Gozag.
             Escaped with the Orb
             ... and 3 runes!
             The game lasted 01:47:04 (45113 turns).

UnitStreak the Marksgnoll (Gnoll Hunter)           Turns: 45113, Time: 01:47:05

Health: 213/213    AC: 37    Str: 23    XL:     26   Next: 64%
Magic:  45/45      EV: 28    Int:  6    God:    Gozag
Gold:   3161       SH: 24    Dex: 34    Spells: 61/61 levels left

rFire   + + .        c - +3 hand cannon (flame)
rCold   + + .        X - +5 kite shield {rC+}
rNeg    + + +        F - +7 chain mail of the Fife {rPois rN+ Stlth-}
rPois   +            I - +0 hat "Xuyhuafepp" {rN+ Dex+5}
rElec   +            S - +2 cloak of Xiposh {Regen+}
rCorr   .            u - +2 pair of gloves "Votrus" {rPois Will- Regen+ Str+9}
SInv    .            l - +3 pair of mountain boots {steadfast, rC+}
Will    .....        U - amulet of regeneration
Stlth   ++           v - ring of Rarom {rF+ AC+4 Int-2 Dex+4}
HPRegen 2.95/turn    y - ring "Huebbuh" {*Slow rElec rF+ rN++ Slay+3}
MPRegen 0.29/turn

%: slow self (1%)
@: no status effects
A: fangs 1, strong nose, distributed training, deterioration 1, teleportitis 1,
wild magic 1, evolution 1
0: Orb of Zot
}: 3/15 runes: serpentine, barnacled, silver
a: Renounce Religion, Potion Petition, Call Merchant, Bribe Branch


You escaped.
You worshipped Gozag.
Gozag was most pleased with you.
You visited 10 branches of the dungeon, and saw 48 of its levels.
You also visited: Ossuary, Bailey, Ice Cave and Wizlab.

You collected 28121 gold pieces.
You spent 3984 gold pieces at shops.
You paid 20976 gold pieces to Gozag.

Inventory:

Hand Weapons
 a - the +8 storm bow {elec, penet}
   (You found it on level 2 of the Depths)
 c - a +3 hand cannon of flaming (weapon)
Missiles
 b - 17 curare-tipped darts
 p - 11 throwing nets
Armour
 l - the +3 pair of mountain boots (worn) {steadfast, rC+}
   (You acquired it on level 2 of the Dungeon)

   Steadfast: It prevents involuntary movement, except for blinking,
   teleportation, or banishment.
   rC+:       It protects you from cold.
 u - the +2 pair of gloves "Votrus" (worn) {rPois Will- Regen+ Str+9}
   (You found it on level 7 of the Dungeon)

   Str+9:     It affects your strength (+9).
   rPois:     It protects you from poison Will-: It decreases your willpower.
   Regen+:    It increases your rate of health regeneration.
 F - the +7 chain mail of the Fife (worn) {rPois rN+ Stlth-}
   (You acquired it on level 3 of the Shoals)

   rPois:     It protects you from poison rN+: It protects you from negative
   energy.
   Stlth-:    It makes you less stealthy.
 I - the +0 hat "Xuyhuafepp" (worn) {rN+ Dex+5}
   (You found it on level 4 of the Vaults)

   Dex+5:     It affects your dexterity (+5).
   rN+:       It protects you from negative energy.
 S - the +2 cloak of Xiposh (worn) {Regen+}
   (You acquired it on level 13 of the Dungeon)

   Regen+:    It increases your rate of health regeneration.
 X - a +5 kite shield of cold resistance (worn)
Jewellery
 v - the ring of Rarom (left hand) {rF+ AC+4 Int-2 Dex+4}
   (You bought it in a shop on level 3 of the Snake Pit)

   [ring of protection]

   AC+4:      It affects your AC (+4).
   Int-2:     It affects your intelligence (-2).
   Dex+4:     It affects your dexterity (+4).
   rF+:       It protects you from fire.
 y - the ring "Huebbuh" (right hand) {*Slow rElec rF+ rN++ Slay+3}
   (You found it on level 4 of the Shoals)

   [ring of protection from fire]

   Slay+3:    It affects your accuracy & damage with ranged weapons and melee
   (+3).
   rF+:       It protects you from fire.
   rElec:     It insulates you from electricity.
   rN++:      It greatly protects you from negative energy.
   *Slow:     It may slow you when you take damage.
 D - a ring of poison resistance
 K - the ring "Kareanne" {rC+ rN+ MP+9 Str+2}
   (You took it off a deep elf knight on level 3 of the Depths)

   [ring of magical power]

   Str+2:     It affects your strength (+2).
   rC+:       It protects you from cold.
   rN+:       It protects you from negative energy.
   MP+9:      It affects your magic capacity (+9).
 M - a ring of flight
 U - an amulet of regeneration (around neck)
 Y - a ring of willpower
 Z - a ring of see invisible
Wands
 h - a wand of roots (37)
 C - a wand of mindburst (10)
 H - a wand of digging (8)
 J - a wand of charming (50)
Scrolls
 d - a scroll of poison
 g - 8 scrolls of teleportation
 i - a scroll of torment
 n - a scroll of butterflies
 s - 8 scrolls of immolation
 t - a scroll of blinking
 w - 11 scrolls of amnesia
 x - 12 scrolls of vulnerability
 P - 8 scrolls of fog
 T - 5 scrolls of noise
Potions
 e - 8 potions of enlightenment
 f - 10 potions of curing
 j - 9 potions of lignification
 m - 13 potions of brilliance
 o - 2 potions of haste
 q - 10 potions of ambrosia
 r - 6 potions of heal wounds
 z - 5 potions of attraction
 A - 2 potions of berserk rage
 E - 4 potions of might
 N - 5 potions of mutation
 O - 2 potions of cancellation
 Q - a potion of invisibility
 R - 6 potions of resistance
 V - 8 potions of magic
Miscellaneous
 k - a lightning rod (4/4)
 B - a phantom mirror
 G - a box of beasts
 L - a phial of floods
 W - a tin of tremorstones (inert)


   Skills:
 + Level 18.5 Fighting
 + Level 18.0 Short Blades
 + Level 18.0 Long Blades
 + Level 18.0 Axes
 + Level 18.0 Maces & Flails
 + Level 18.0 Polearms
 + Level 18.0 Staves
 + Level 19.5 Ranged Weapons
 + Level 18.0 Throwing
 + Level 18.0 Armour
 + Level 18.5 Dodging
 + Level 18.1 Stealth
 + Level 18.0 Shields
 + Level 18.0 Unarmed Combat
 + Level 18.0 Spellcasting
 + Level 15.3 Conjurations
 + Level 15.3 Hexes
 + Level 15.3 Summonings
 + Level 15.3 Necromancy
 + Level 15.3 Translocations
 + Level 15.3 Transmutations
 + Level 15.3 Fire Magic
 + Level 15.3 Ice Magic
 + Level 15.3 Air Magic
 + Level 15.3 Earth Magic
 + Level 15.3 Poison Magic
 + Level 19.4 Invocations
 + Level 18.0 Evocations
 + Level 16.6 Shapeshifting


You had 61 spell levels left.
You didn't know any spells.
Your spell library contained the following spells:

 Spells                   Type           Power      Damage    Failure   Level
 Foxfire                  Conj/Fire      100%       2x1d9     1%          1
 Freeze                   Ice            100%       1d10      1%          1
 Magic Dart               Conj           100%       1d8       1%          1
 Necrotise                Necr           100%       1d9       1%          1
 Sandblast                Erth           60%        2d14      1%          1
 Shock                    Conj/Air       100%       1d9       1%          1
 Sting                    Tmut/Pois      100%       1d8       1%          1
 Blink                    Tloc           60%        N/A       1%          2
 Lesser Beckoning         Tloc           60%        N/A       1%          2
 Momentum Strike          Conj/Tloc      60%        3d9       1%          2
 Passwall                 Tmut/Erth      25%        N/A       1%          2
 Poisonous Vapours        Pois/Air       60%        N/A       1%          2
 Searing Ray              Conj           60%        2d6       1%          2
 Static Discharge         Conj/Air       60%        3-6/arc   1%          2
 Call Canine Familiar     Summ           30%        N/A       1%          3
 Dazzling Flash           Conj/Hex       60%        N/A       1%          3
 Frozen Ramparts          Ice            60%        1d10      1%          3
 Gell's Gravitas          Tloc           30%        N/A       1%          3
 Hailstorm                Conj/Ice       30%        3d8       1%          3
 Ignite Poison            Fire/Tmut/Pois 30%        N/A       1%          3
 Ozocubu's Armour         Ice            30%        N/A       1%          3
 Sigil of Binding         Hex            30%        N/A       1%          3
 Stone Arrow              Conj/Erth      60%        3d10      1%          3
 Summon Guardian Golem    Hex/Summ       30%        N/A       1%          3
 Swiftness                Air            30%        N/A       1%          3
 Teleport Other           Tloc           30%        N/A       1%          3
 Vampiric Draining        Necr           30%        2d8       1%          3
 Airstrike                Air            15%        2d(3-19)  1%          4
 Brom's Barrelling Bould  Conj/Erth      30%        2d5       1%          4
 Dimensional Bullseye     Hex/Tloc       15%        N/A       1%          4
 Fulminant Prism          Conj/Hex       15%        3d11      1%          4
 Iskenderun's Mystic Bla  Conj/Tloc      30%        2d8       1%          4
 Leda's Liquefaction      Hex/Erth       15%        N/A       1%          4
 Manifold Assault         Tloc           30%        N/A       1%          4
 Olgreb's Toxic Radiance  Pois           30%        N/A       1%          4
 Petrify                  Tmut/Erth      30%        N/A       1%          4
 Sticky Flame             Conj/Fire      30%        2d5       1%          4
 Summon Lightning Spire   Summ/Air       30%        N/A       1%          4
 Vhi's Electric Charge    Tloc/Air       60%        N/A       1%          4
 Agony                    Necr           30%        N/A       3%          5
 Alistair's Intoxication  Tmut/Pois      20%        N/A       3%          5
 Arcjolt                  Conj/Air       15%        1d25      3%          5
 Borgnjor's Vile Clutch   Necr/Erth      15%        N/A       3%          5
 Freezing Cloud           Conj/Ice/Air   15%        6-21      3%          5
 Metabolic Englaciation   Hex/Ice        15%        N/A       3%          5
 Summon Mana Viper        Hex/Summ       30%        N/A       3%          5
 Conjure Ball Lightning   Conj/Air       15%        3x3d6     14%         6
 Dispersal                Tloc           15%        N/A       14%         6
 Eringya's Noxious Bog    Tmut/Pois      15%        4d6       14%         6
 Plasma Beam              Fire/Air       15%        2x1d26    14%         6
 Starburst                Conj/Fire      15%        6d6       14%         6
 Haunt                    Necr/Summ      15%        N/A       58%         7
 Malign Gateway           Summ/Tloc      15%        N/A       58%         7
 Monstrous Menagerie      Summ           15%        N/A       58%         7
 Ozocubu's Refrigeration  Ice            15%        4d10      58%         7
 Summon Hydra             Summ           15%        N/A       58%         7
 Ignition                 Fire           15%        3d6       99%         8
 Infestation              Necr           15%        N/A       99%         8
 Maxwell's Capacitive Co  Air            15%        ∞         99%         8
 Summon Horrible Things   Summ           15%        N/A       99%         8
 Fire Storm               Conj/Fire      15%        8d4       100%        9
 Animate Dead             Necr           Unusable   N/A       N/A         4

Dungeon Overview and Level Annotations

Branches:
Dungeon (15/15)            Temple (1/1) D:5            Lair (5/5) D:8
 Shoals (4/4) Lair:3        Snake (4/4) Lair:2        Slime (0/5) Lair:4
    Orc (2/2) D:10            Elf (3/3) Orc:2        Vaults (5/5) D:13
  Crypt (0/3) Vaults:3     Depths (4/4) D:15            Zot (5/5) Depths:4
Ossuary (visited)          Bailey (visited)           IceCv (visited)
 WizLab (visited)

Altars:
Ashenzari
Cheibriados
Dithmenos
Elyvilon
Fedhas
Gozag
Hepliaklqana
Kikubaaqudgha
Makhleb
Nemelex Xobeh
Okawaru
Qazlal
Ru
Sif Muna
Trog
Uskayaw
Vehumet
Wu Jian
Xom
Yredelemnul
Zin
The Shining One
Jiyva
Lugonu

Shops:
D:2 ?   D:5 (:(:?   D:9 =   D:11 [   D:14 =(   D:15 *   Orc:1 ((   Orc:2 *:*[(
Elf:3 =   Lair:3 [   Shoals:3 **   Snake:1 [[   Snake:3 =(   Vaults:2 (
Depths:1 *   Depths:2 (   Depths:3 =   Depths:4 *[

Portals:
Hell: Depths:1 Depths:2 Depths:3 Depths:4
Abyss: Lair:5 Depths:1 Depths:3
Pandemonium: Depths:2
Ziggurat: Depths:4

Annotations:
D:5 3 runed translucent doors, Hug's ghost, novice VSSh
D:13 1 runed translucent door, Keklamm's ghost, journeyman HOFi
Shoals:2 3 runed translucent doors, Dabriqe's ghost, adept GnFi
Snake:1 1 runed translucent door, Shifty's ghost, adept AtFi
Orc:2 3 runed translucent doors, Bodidir's ghost, journeyman SpHu
Elf:2 3 runed translucent doors
Vaults:3 3 runed translucent doors, Xihuodghy's ghost, adept MiBe
Depths:3 2 transporters
Zot:1 Vv


Innate Abilities, Weirdness & Mutations

You have very sharp teeth.
Your uncanny sense of smell can sniff out nearby items.
Your experience applies equally to all skills.
Your body sometimes deteriorates upon taking damage.
You are occasionally teleported next to monsters.
Your spells are a little harder to cast, but a little more powerful.
You have hidden genetic potential.


Message History

The hellwing is lightly wounded.
You block the hellwing's attack. x2
You shoot a bolt. The bolt hits the hellwing!!!
The bolt burns the hellwing!
You kill the hellwing!
No target in view!
No target in view!
You see here a serpent talisman.
Things that are here:
a +0 ring mail; a +1 flail of protection
There is a stone staircase leading up here.
You climb upwards.
There is a stone staircase leading down here.
What level of the Dungeon? (default 4, ? - help)
There is a stone staircase leading up here.
You climb upwards.
There is a stone staircase leading down here.
There is a stone staircase leading up here.
You climb upwards.
There is a stone staircase leading down here.
Blink to where?
Press: ? - help, Q - select action, (/) - cycle Dir - move target
As you read the scroll of blinking, it crumbles to dust.
Aiming: Dig
Press: ? - help, Q - select action, (/) - cycle Shift-Dir - straight line You can't see that place. [the floor.]
Okay, then.
Blink to where?
Press: ? - help, Q - select action, (/) - cycle Dir - move target
As you read the scroll of blinking, it crumbles to dust.
Aiming: Dig
Press: ? - help, Q - select action, (/) - cycle Shift-Dir - straight line You can't see that place. [the floor.]
The rock shatters into small pieces.
Blink to where?
Press: ? - help, Q - select action, (/) - cycle Dir - move target
As you read the scroll of blinking, it crumbles to dust.
There is a staircase leading out of the dungeon here.
You have escaped!

.........#.........# #.#
#.###
#.######.#.........######.#
#.# #.#
####.#......#.........# #.#
#.###....#####..#..#..#####
#.###
#....###.##....(......#
#.##.
####..##.##.#########.#
#.... ##..#.##...........#
#####....
##.#.##...........#
#........
#...##.....@.....#
#.####...
##...#...........# #.# #...
#.###...........###.####...
#..##.#####.###.##........#
##..#...........##........#
##............###........#
#.....####.#.# #........#
#.....# ##..###.........
###### #.....#
#.......####.###


There were no monsters in sight!

Vanquished Creatures
  An orb of fire (Zot:1)
  Mennas (Vaults:3)
  A juggernaut (Depths:2)
  2 Killer Klowns (Zot:1)
  Bai Suzhen (Shoals:3)
  Saint Roka (Vaults:2)
  A caustic shrike (Depths:4)
  11 golden dragons
  Nikola (Vaults:3)
  An electric golem (Zot:2)
  7 tentacled monstrosities
  4 titans (Vaults:5)
  Rupert (D:12)
  3 Orb Guardians (Zot:5)
  7 liches
  A deep elf blademaster (Elf:3)
  2 quicksilver dragons
  7 sphinxes
  Polyphemus (Shoals:4)
  A kraken (Shoals:1)
  4 death cobs
  5 storm dragons
  Kirke (Snake:2)
  An ancient champion (Vaults:3)
  2 tengu reavers
  3 shadow dragons
  Agnes (Elf:1)
  6 draconian monks
  2 nagarajas (Snake:4)
  Roxanne (Snake:2)
  An azure jelly (Snake:1)
  9 fire giants
  7 frost giants
  An iron dragon (Depths:3)
  3 draconian knights
  2 draconian scorchers
  2 deep elf sorcerers
  A ghost moth (Zot:5)
  2 deep elf elementalists (Elf:3)
  20 vault wardens
  A balrug (Depths:1)
  2 draconian shifters
  4 draconian annihilators
  2 war gargoyles
  27 ironbound preservers
  4 spriggan defenders
  A draconian stormcaller (Zot:3)
  5 orc warlords
  2 caustic shrike skeletons
  13 stone giants
  5 ironbound thunderhulks
  13 very ugly things
  A formless jellyfish (shapeshifter) (Depths:4)
  4 deep elf demonologists
  13 green draconians
  3 formless jellyfish
  A spark wasp (shapeshifter) (D:15)
  6 black draconians
  4 vampire knights
  A demonspawn black sun (Zot:5)
  6 deep elf annihilators
  A lorocyproca (Zot:5)
  15 white draconians
  5 dire elephants
  6 yellow draconians
  3 spark wasps
  6 purple draconians
  8 red draconians
  14 ettins
  11 merfolk javelineers
  14 merfolk impalers
  An entropy weaver (Vaults:5)
  2 deep elf death magi
  A crystal guardian (Vaults:4)
  10 fire dragons
  Josephine (D:10)
  9 yaktaur captains
  2 blizzard demons (Depths:3)
  6 deep elf high priests
  A quicksilver dragon skeleton (Depths:1)
  8 rakshasas
  A caustic shrike simulacrum (IceCv)
  5 spriggan air magi
  7 vault guards
  5 great orbs of eyes
  7 hydras
  2 peacekeepers (Vaults:4)
  11 ice dragons
  Erolcha (D:11)
  4 boulder beetles
  3 merfolk aquamancers (Shoals:4)
  6 centaur warriors
  2 hell beasts
  11 ironbound frosthearts
  2 ogre magi
  5 salamander tyrants
  A two-headed ogre (shapeshifter) (Depths:4)
  12 anacondas
  A death knight (D:15)
  4 satyrs
  6 merfolk avatars
  A sphinx zombie (Depths:1)
  A catoblepas (Shoals:4)
  14 dancing weapons
  7 two-headed ogres
  5 deep troll shamans
  15 naga warriors
  2 tengu warriors
  2 alligator snapping turtles (Shoals:2)
  15 death yaks
  4 deep troll earth magi
  A vampire mage (Depths:4)
  4 spriggan berserkers
  3 hell knights (Depths:3)
  3 thrashing horrors (Lair:5)
  8 shock serpents
  2 orc high priests (Orc:2)
  10 naga sharpshooters
  An occultist (Depths:3)
  12 deep elf knights
  A soul eater (Depths:2)
  6 sun demons
  5 iron trolls
  A fire crab (shapeshifter) (Depths:2)
  14 skeletal warriors
  A sixfirhy (Depths:4)
  A spark wasp zombie (Depths:2)
  3 skysharks
  5 salamander mystics
  2 flayed ghosts
  2 large abominations (Lair:5)
  A deep troll (shapeshifter) (Depths:3)
  23 sea snakes
  78 deep trolls
  32 harpies
  2 phantasmal warriors (Vaults:5)
  15 ironbound convokers
  12 lindwurms
  9 naga ritualists
  6 arcanists (Vaults:4)
  3 glowing orange brains
  31 deep elf pyromancers
  12 deep elf archers
  A harpy (shapeshifter) (Elf:2)
  19 deep elf zephyrmancers
  A frost giant zombie (Vaults:2)
  12 mana vipers
  5 necromancers
  10 orc knights
  A fire giant zombie (Depths:1)
  A tengu skeleton (Vaults:3)
  5 orc sorcerers
  A shadow dragon skeleton (Vaults:3)
  13 fauns
  48 ugly things
  11 moths of wrath
  7 cyclopes
  17 manticores
  9 guardian serpents
  14 merfolk sirens
  27 salamanders
  20 vault sentinels
  9 elephants (Lair:5)
  38 black mambas
  2 smoke demons (Lair:5)
  15 naga magi
  2 stone giant skeletons
  8 water nymphs
  11 cane toads
  A cane toad (shapeshifter) (Lair:5)
  5 centaur skeletons
  An elf skeleton (Vaults:3)
  Maggie (D:9)
  2 gargoyles
  5 freezing wraiths
  39 yaktaurs
  4 kobold demonologists
  5 tengu conjurers
  A hellion (Depths:4)
  5 rime drakes
  8 komodo dragons
  An anaconda simulacrum (IceCv)
  A yaktaur skeleton (Vaults:3)
  A meliai (shapeshifter) (Lair:5)
  A queen bee (Lair:2)
  2 hellwings
  3 polar bears
  5 trolls
  39 merfolk
  2 tarantellas (shapeshifter)
  3 hornets
  2 raiju (Lair:5)
  5 wind drakes
  3 meliai (D:15)
  19 blink frogs
  An alligator simulacrum (IceCv)
  9 snapping turtles
  A stone giant simulacrum (Vaults:2)
  3 glass eyes (Depths:3)
  9 dream sheep
  36 slime creatures
  47 yaks
  7 water elementals
  3 spriggans
  6 wraiths
  An air elemental (Elf:1)
  A ynoxinul (Lair:5)
  5 wyverns
  4 fire elementals
  A basilisk (shapeshifter) (D:14)
  4 fire bats (Depths:1)
  2 chaos spawn (Lair:5)
  5 basilisks
  6 wargs
  An acid dragon (D:14)
  2 harpy simulacra (IceCv)
  13 vampire mosquitoes
  Edmund (D:4)
  2 hydra simulacra (IceCv)
  A glowing shapeshifter zombie (Depths:2)
  Duvessa (D:6)
  50 nagas
  11 water moccasins
  An ogre skeleton (Vaults:2)
  A sky beast (shapeshifter) (Depths:2)
  2 sky beasts (D:6)
  59 orc warriors
  4 ice beasts
  16 ogres
  5 boggarts
  21 wolves
  7 centaurs
  3 human skeletons (Vaults:3)
  10 kobold brigands
  4 elf zombies (Ossuary)
  11 small abominations (Lair:5)
  17 bullfrogs
  An earth elemental (Elf:1)
  6 gnoll sergeants (D:8)
  3 scorpions
  8 wights
  Dowan (D:6)
  A lindwurm simulacrum (IceCv)
  39 killer bees
  7 electric eels
  7 howler monkeys
  10 centaur zombies
  8 hounds
  4 gnoll boudas (D:8)
  Crazy Yiuf (D:7)
  3 jellies
  16 orc priests
  12 orc wizards
  6 iguanas
  A sleepcap (D:4)
  6 hell rats (Lair:5)
  3 mummies (Ossuary)
  41 gnolls
  5 adders
  A shadow imp (D:6)
  A white imp (D:7)
  2 worms
  4 dart slugs
  83 orcs
  7 endoplasms
  5 giant cockroaches
  10 goblins
  8 hobgoblins
  11 jackals
  26 kobolds
  3 quokkas
  2 training dummies (D:6)
  11 ball pythons
  10 bats
  4 frilled lizards
  A quokka zombie (D:8)
  7 rats
  A rat zombie (D:8)
  4 tentacles (Shoals:1)
2097 creatures vanquished.

Vanquished Creatures (collateral kills)
  2 dread liches (Zot:5)
  2 ancient liches (Zot:5)
  A Killer Klown (Zot:5)
  2 golden dragons (Zot:5)
  The ghost of Kauz the Executioner, an adept HOBr of Beogh (Vaults:4)
  An electric golem (Zot:5)
  15 Orb Guardians (Zot:5)
  A titan (Vaults:5)
  A deep elf blademaster (Elf:3)
  A tengu reaver (Vaults:5)
  A storm dragon (Zot:5)
  A vault warden (Vaults:4)
  A ghost moth (Zot:5)
  A deep elf elementalist (Elf:3)
  An ironbound thunderhulk (Vaults:4)
  A stone giant (Vaults:5)
  A war gargoyle (Vaults:5)
  2 deep elf demonologists (Elf:3)
  2 deep elf annihilators (Elf:3)
  A deep elf death mage (Elf:3)
  A deep elf high priest (Elf:3)
  An ice dragon (Depths:2)
  A rakshasa (Vaults:4)
  5 vault guards (Vaults:5)
  A dancing weapon (Elf:3)
  2 deep elf knights (Elf:3)
  An orc knight (Vaults:5)
  2 deep elf pyromancers
  A phantasmal warrior (Vaults:5)
  A deep elf zephyrmancer (Elf:3)
  A warg (Vaults:5)
56 creatures vanquished.

Vanquished Creatures (others)
  An ancient lich (Vaults:5)
  3 golden dragons (Vaults:5)
  An electric golem (Zot:5)
  A tentacled monstrosity (Zot:5)
  4 Orb Guardians (Zot:5)
  2 deep elf master archers (Elf:3)
  A lich (Vaults:4)
  4 titans (Vaults:5)
  3 tengu reavers (Vaults:5)
  2 fire giants
  2 draconian knights
  3 deep elf sorcerers
  4 deep elf elementalists (Elf:3)
  3 vault wardens (Vaults:5)
  An ironbound preserver (Vaults:5)
  A demonspawn blood saint (Zot:5)
  A stone giant (Vaults:5)
  A vampire knight (Depths:4)
  2 deep elf demonologists (Vaults:5)
  A black draconian (Zot:5)
  4 deep elf annihilators
  A purple draconian (Zot:5)
  5 deep elf death magi (Elf:3)
  3 ettins (Vaults:5)
  2 yaktaur captains (Vaults:5)
  3 deep elf high priests
  An entropy weaver (Vaults:5)
  A great orb of eyes (Vaults:5)
  An ogre mage (Vaults:5)
  22 vault guards (Vaults:5)
  5 deep elf knights
  An orange crystal statue (Zot:5)
  A flayed ghost (Vaults:5)
  A deep troll (Vaults:5)
  An ironbound convoker (Vaults:5)
  A phantasmal warrior (Vaults:5)
  3 deep elf pyromancers (Elf:3)
  5 deep elf zephyrmancers (Elf:3)
  4 deep elf archers (Elf:3)
  An orc knight (Vaults:5)
  A merfolk siren (Shoals:3)
  3 vault sentinels (Vaults:5)
  7 yaktaurs (Vaults:5)
  2 air elementals (Elf:3)
  A naga (Snake:2)
  An earth elemental (Elf:3)
  An orc priest (Vaults:5)
  2 orc wizards
  An orc (Vaults:5)
  3 tentacles (Shoals:1)
129 creatures vanquished.

Grand Total: 2282 creatures vanquished

Notes
Turn   | Place    | Note
-------+----------+-------------------------------------------
     0 | D:1      | UnitStreak the Gnoll Hunter began the quest for the Orb.
     0 | D:1      | Reached XP level 1. HP: 20/20 MP: 1/1
   150 | D:1      | Reached XP level 2. HP: 26/26 MP: 2/2
   578 | D:1      | Reached XP level 3. HP: 31/31 MP: 3/3
   806 | D:2      | Found Astroa's Magic Scroll Shop.
   819 | D:2      | Bought a scroll of fear for 44 gold pieces
   819 | D:2      | Bought a scroll of identify for 22 gold pieces
   822 | D:2      | Identified a scroll of acquirement
   824 | D:2      | Acquired 701 gold pieces
   839 | D:2      | Bought a scroll of revelation for 82 gold pieces
   839 | D:2      | Bought a scroll of enchant weapon for 82 gold pieces
   839 | D:2      | Bought a scroll of enchant weapon for 82 gold pieces
   992 | D:2      | Reached skill level 1 in Invocations
  1029 | D:2      | Reached skill level 1 in Short Blades
  1029 | D:2      | Reached skill level 1 in Long Blades
  1029 | D:2      | Reached skill level 1 in Axes
  1029 | D:2      | Reached skill level 1 in Maces & Flails
  1029 | D:2      | Reached skill level 1 in Polearms
  1029 | D:2      | Reached skill level 1 in Staves
  1029 | D:2      | Reached skill level 1 in Throwing
  1029 | D:2      | Reached skill level 1 in Armour
  1029 | D:2      | Reached skill level 1 in Shields
  1029 | D:2      | Reached skill level 1 in Unarmed Combat
  1029 | D:2      | Reached skill level 1 in Spellcasting
  1029 | D:2      | Reached skill level 1 in Evocations
  1039 | D:2      | Reached XP level 4. HP: 38/38 MP: 5/5
  1043 | D:2      | Reached skill level 1 in Shapeshifting
  1213 | D:2      | Reached skill level 1 in Conjurations
  1213 | D:2      | Reached skill level 1 in Hexes
  1213 | D:2      | Reached skill level 1 in Summonings
  1213 | D:2      | Reached skill level 1 in Necromancy
  1213 | D:2      | Reached skill level 1 in Translocations
  1213 | D:2      | Reached skill level 1 in Transmutations
  1213 | D:2      | Reached skill level 1 in Fire Magic
  1213 | D:2      | Reached skill level 1 in Ice Magic
  1213 | D:2      | Reached skill level 1 in Air Magic
  1213 | D:2      | Reached skill level 1 in Earth Magic
  1213 | D:2      | Reached skill level 1 in Poison Magic
  1352 | D:2      | Found a bloodstained altar of Trog.
  1528 | D:2      | Acquired the +3 pair of mountain boots {steadfast, rC+}
  1528 | D:2      | Found the +3 pair of mountain boots {steadfast, rC+}
  1601 | D:2      | Reached XP level 5. HP: 43/43 MP: 5/7
  1920 | D:3      | Found a faded altar of an unknown god.
  2481 | D:4      | Noticed Edmund
  2493 | D:4      | Killed Edmund
  2494 | D:4      | Reached skill level 5 in Fighting
  2494 | D:4      | Reached skill level 5 in Dodging
  2494 | D:4      | Reached XP level 6. HP: 51/51 MP: 7/9
  3311 | D:5      | Entered Level 5 of the Dungeon
  3311 | D:5      | Noticed a water moccasin
  3311 | D:5      | Found Wivveif's Weapon Boutique.
  3383 | D:5      | Reached XP level 7. HP: 56/56 MP: 10/10
  3416 | D:5      | Bought a throwing net for 33 gold pieces
  3634 | D:5      | Found Maleomec's Book Boutique.
  3641 | D:5      | Found Micwero's Antique Weapon Shoppe.
  3683 | D:5      | Found a staircase to the Ecumenical Temple.
  3703 | Temple   | Entered the Ecumenical Temple
  3738 | D:5      | Found Hacrua Qaeth's Book Boutique.
  3739 | D:5      | Found Faenwuz's Magic Scroll Shoppe.
  3754 | D:5      | Bought a scroll of teleportation for 42 gold pieces
  3754 | D:5      | Bought a scroll of enchant weapon for 105 gold pieces
  3754 | D:5      | Bought a scroll of blinking for 105 gold pieces
  3754 | D:5      | Bought a scroll of teleportation for 42 gold pieces
  3754 | D:5      | Bought a scroll of poison for 56 gold pieces
  3754 | D:5      | Bought a scroll of identify for 28 gold pieces
  3790 | D:5      | Found a burning altar of Makhleb.
  3800 | D:5      | Found a runed translucent gate.
  3801 | D:5      | Found a runed translucent gate.
  3802 | D:5      | Found a runed translucent gate.
  3804 | D:5      | Noticed Hug's ghost (novice VSSh)
  3996 | D:6      | Found a broken altar of Ashenzari.
  4086 | D:6      | Reached XP level 8. HP: 58/63 MP: 12/12
  4368 | D:6      | Found an iron altar of Okawaru.
  4466 | D:6      | Noticed Duvessa
  4467 | D:6      | Noticed Dowan
  4482 | D:6      | Killed Duvessa
  4490 | D:6      | Killed Dowan
  4700 | D:6      | Identified the +4 dagger "Panuaduz" {freeze, rC+}
  4991 | D:7      | Found an opulent altar of Gozag.
  4991 | D:7      | Found a basalt altar of Yredelemnul.
  4991 | D:7      | Found a bloodstained altar of Trog.
  4998 | D:7      | Became a worshipper of Gozag Ym Sagoz the Greedy
  5036 | D:7      | Identified the +2 pair of gloves "Votrus" {rPois Will-
                  | Regen+ Str+9}
  5219 | D:7      | Found a runed translucent door.
  5220 | D:7      | Noticed Crazy Yiuf
  5279 | D:7      | Killed Crazy Yiuf
  5565 | D:8      | Noticed a yak
  5566 | D:8      | Noticed a yak
  5577 | D:7      | Reached XP level 9. HP: 67/69 MP: 14/14
  5702 | D:8      | Found a sand-covered staircase.
  5710 | Ossuary  | Entered an ossuary
  5877 | Ossuary  | Reached skill level 5 in Stealth
  5919 | D:8      | Found an ancient bone altar of Kikubaaqudgha.
  5923 | D:8      | Noticed a rime drake
  5973 | D:8      | Reached skill level 5 in Invocations
  6182 | D:8      | Reached XP level 10. HP: 77/77 MP: 17/17
  6217 | D:8      | Reached skill level 5 in Short Blades
  6217 | D:8      | Reached skill level 5 in Long Blades
  6217 | D:8      | Reached skill level 5 in Axes
  6217 | D:8      | Reached skill level 5 in Maces & Flails
  6217 | D:8      | Reached skill level 5 in Polearms
  6217 | D:8      | Reached skill level 5 in Staves
  6217 | D:8      | Reached skill level 5 in Throwing
  6217 | D:8      | Reached skill level 5 in Armour
  6217 | D:8      | Reached skill level 5 in Shields
  6217 | D:8      | Reached skill level 5 in Unarmed Combat
  6217 | D:8      | Reached skill level 5 in Spellcasting
  6217 | D:8      | Reached skill level 5 in Evocations
  6229 | D:8      | Reached skill level 10 in Ranged Weapons
  6424 | D:8      | Found a staircase to the Lair.
  6522 | D:8      | Reached skill level 5 in Shapeshifting
  7289 | D:9      | Found a flagged portal.
  7317 | D:9      | Reached XP level 11. HP: 77/84 MP: 19/19
  7341 | D:9      | Reached skill level 5 in Conjurations
  7341 | D:9      | Reached skill level 5 in Hexes
  7341 | D:9      | Reached skill level 5 in Summonings
  7341 | D:9      | Reached skill level 5 in Necromancy
  7341 | D:9      | Reached skill level 5 in Translocations
  7341 | D:9      | Reached skill level 5 in Transmutations
  7341 | D:9      | Reached skill level 5 in Fire Magic
  7341 | D:9      | Reached skill level 5 in Ice Magic
  7341 | D:9      | Reached skill level 5 in Air Magic
  7341 | D:9      | Reached skill level 5 in Earth Magic
  7341 | D:9      | Reached skill level 5 in Poison Magic
  7377 | Bailey   | Entered a bailey
  7606 | Bailey   | Found a bloodstained altar of Trog.
  7677 | D:9      | Noticed a two-headed ogre
  7689 | D:9      | Killed a two-headed ogre
  7722 | D:9      | Noticed Maggie
  7736 | D:9      | Killed Maggie
  7784 | D:9      | Found a sacrificial altar of Ru.
  8150 | D:9      | Bought the ring "Joek" {rF+ EV+5} for 750 gold pieces
  8170 | D:10     | Entered Level 10 of the Dungeon
  8260 | D:10     | Found a white marble altar of Elyvilon.
  8391 | D:10     | Found a staircase to the Orcish Mines.
  8397 | D:10     | Noticed Josephine
  8424 | D:10     | Killed Josephine
  9084 | D:10     | Reached XP level 12. HP: 94/94 MP: 22/22
  9406 | D:11     | Noticed Erolcha
  9412 | D:11     | Killed Erolcha
  9588 | D:11     | Noticed a boulder beetle
  9599 | D:11     | Killed a boulder beetle
  9754 | D:11     | Noticed a two-headed ogre
  9762 | D:11     | Killed a two-headed ogre
  9919 | D:11     | Identified the +5 spear of Courage {antimagic, Str+7}
  9966 | D:11     | Noticed a two-headed ogre
  9985 | D:11     | Killed a two-headed ogre
 10032 | D:11     | Noticed a two-headed ogre
 10043 | D:11     | Killed a two-headed ogre
 10073 | D:11     | Noticed a two-headed ogre
 10090 | D:11     | Killed a two-headed ogre
 10273 | Orc:1    | Entered Level 1 of the Orcish Mines
 10537 | Orc:1    | Found Veppull's Weapon Emporium.
 10599 | Orc:1    | Noticed an orc warlord
 10632 | Orc:1    | Reached XP level 13. HP: 94/101 MP: 24/24
 10682 | Orc:1    | Killed an orc warlord
 10822 | Orc:2    | Entered Level 2 of the Orcish Mines
 10840 | Orc:1    | Bought a +7 orcbow of flaming for 606 gold pieces
 10988 | Orc:2    | Noticed an orc warlord
 11008 | Orc:2    | Killed an orc warlord
 11107 | Orc:2    | Found a staircase to the Elven Halls.
 11189 | Orc:2    | Noticed an orc warlord
 11224 | Orc:2    | Killed an orc warlord
 11390 | Orc:2    | Found Ejiddegepn's Antique Armour Shoppe.
 11490 | Orc:2    | Found Urighaac's Book Emporium.
 11520 | Orc:2    | Found a runed translucent gate.
 11521 | Orc:2    | Found a runed translucent gate.
 11521 | Orc:2    | Found an opulent altar of Gozag.
 11521 | Orc:2    | Found a runed translucent gate.
 11524 | Orc:2    | Noticed Bodidir's ghost (journeyman SpHu)
 11526 | Orc:2    | Found Ebbuneic's Assorted Antiques.
 11535 | Orc:2    | Found Sezi's Distillery.
 11560 | Orc:2    | Found Xiplis's General Store.
 11585 | Orc:2    | Bought a scroll of enchant weapon for 97 gold pieces
 11585 | Orc:2    | Bought a scroll of enchant weapon for 97 gold pieces
 11585 | Orc:2    | Bought a scroll of identify for 26 gold pieces
 11624 | Orc:2    | Noticed an orc warlord
 11640 | Orc:2    | Killed an orc warlord
 11751 | Orc:2    | Found Caetah's Antique Weapon Boutique.
 12078 | Lair:1   | Entered Level 1 of the Lair of Beasts
 12308 | Lair:1   | Reached skill level 10 in Fighting
 12308 | Lair:1   | Reached skill level 10 in Dodging
 13012 | Lair:2   | Reached XP level 14. HP: 110/110 MP: 26/26
 13088 | Lair:2   | Found a staircase to the Snake Pit.
 13654 | Lair:3   | Reached skill level 10 in Invocations
 13654 | Lair:3   | Reached XP level 15. HP: 117/117 MP: 28/28
 13737 | Lair:3   | Bought a pair of encrusted gloves for 313 gold pieces
 13737 | Lair:3   | Identified the +2 pair of gloves of Nemelex Xobeh {rF-
                  | Str+2 Int+2} (You bought it in a shop on level 3 of the
                  | Lair of Beasts)
 13805 | Lair:3   | Found a staircase to the Shoals.
 14233 | Lair:4   | Reached skill level 10 in Stealth
 14403 | Lair:4   | Found a viscous altar of Jiyva.
 14403 | Lair:4   | Found a staircase to the Slime Pits.
 15094 | Lair:5   | Entered Level 5 of the Lair of Beasts
 15150 | Lair:5   | Reached skill level 10 in Short Blades
 15150 | Lair:5   | Reached skill level 10 in Long Blades
 15150 | Lair:5   | Reached skill level 10 in Axes
 15150 | Lair:5   | Reached skill level 10 in Maces & Flails
 15150 | Lair:5   | Reached skill level 10 in Polearms
 15150 | Lair:5   | Reached skill level 10 in Staves
 15150 | Lair:5   | Reached skill level 10 in Throwing
 15150 | Lair:5   | Reached skill level 10 in Armour
 15150 | Lair:5   | Reached skill level 10 in Shields
 15150 | Lair:5   | Reached skill level 10 in Unarmed Combat
 15150 | Lair:5   | Reached skill level 10 in Spellcasting
 15150 | Lair:5   | Reached skill level 10 in Evocations
 15658 | Lair:5   | Reached XP level 16. HP: 125/125 MP: 30/30
 15790 | Lair:5   | Found a corrupted altar of Lugonu.
 15790 | Lair:5   | Found a one-way gate to the infinite horrors of the Abyss.
 16951 | D:12     | Noticed Rupert
 17003 | D:12     | Paralysed by Rupert for 5 turns
 17011 | D:12     | Killed Rupert
 17853 | D:13     | Acquired the +2 cloak of Xiposh {Regen+}
 17958 | D:13     | Found a runed translucent door.
 17960 | D:13     | Noticed Keklamm's ghost (journeyman HOFi)
 18088 | D:13     | Found a gate to the Vaults.
 18202 | D:14     | Reached skill level 10 in Shapeshifting
 18763 | D:14     | Found a hide-covered altar of Uskayaw.
 18998 | Snake:1  | Entered Level 1 of the Snake Pit
 19076 | Snake:1  | Reached XP level 17. HP: 133/133 MP: 32/32
 19100 | Snake:1  | Found Puj Gewk's Antique Armour Shoppe.
 19104 | Snake:1  | Found Puhot's Armour Shoppe.
 19330 | Snake:1  | Found a frozen archway.
 19359 | IceCv    | Entered an ice cave
 19397 | IceCv    | Found a transporter.
 19408 | IceCv    | Found a transporter.
 19503 | Snake:1  | Found a runed translucent door.
 19503 | Snake:1  | Noticed Shifty's ghost (adept AtFi)
 19825 | Snake:2  | Noticed Roxanne
 19858 | Snake:2  | Killed Roxanne
 20430 | Snake:2  | Noticed Kirke
 20452 | Snake:2  | Killed Kirke
 20641 | Snake:2  | Reached skill level 10 in Conjurations
 20641 | Snake:2  | Reached skill level 10 in Hexes
 20641 | Snake:2  | Reached skill level 10 in Summonings
 20641 | Snake:2  | Reached skill level 10 in Necromancy
 20641 | Snake:2  | Reached skill level 10 in Translocations
 20641 | Snake:2  | Reached skill level 10 in Transmutations
 20641 | Snake:2  | Reached skill level 10 in Fire Magic
 20641 | Snake:2  | Reached skill level 10 in Ice Magic
 20641 | Snake:2  | Reached skill level 10 in Air Magic
 20641 | Snake:2  | Reached skill level 10 in Earth Magic
 20641 | Snake:2  | Reached skill level 10 in Poison Magic
 21760 | Snake:3  | Reached XP level 18. HP: 103/142 MP: 34/34
 22174 | Snake:4  | Entered Level 4 of the Snake Pit
 23221 | Snake:4  | Got a serpentine rune of Zot
 23697 | Snake:3  | Bought the ring of Rarom {rF+ AC+4 Int-2 Dex+4} for 758
                  | gold pieces
 23780 | Shoals:1 | Entered Level 1 of the Shoals
 23802 | Shoals:1 | Reached skill level 15 in Ranged Weapons
 24300 | Shoals:2 | Found a runed translucent gate.
 24300 | Shoals:2 | Found a runed translucent gate.
 24300 | Shoals:2 | Found a runed translucent gate.
 24300 | Shoals:2 | Noticed Dabriqe's ghost (adept GnFi)
 24503 | Shoals:2 | Reached XP level 19. HP: 150/150 MP: 35/35
 24921 | Shoals:3 | Found Zeesitah's Specific Store.
 24938 | Shoals:3 | Found Cuig's General Store.
 24979 | Shoals:3 | Bought the +1 scale mail of Nonak {Drain Slay+5 SInv
                  | Stlth+} for 614 gold pieces
 25723 | Shoals:3 | Found a runed translucent door.
 25758 | Shoals:3 | Identified the +0 pair of boots of Utied {Str+4}
 25763 | Shoals:3 | Acquired the +7 chain mail of the Fife {rPois rN+ Stlth-}
 25847 | Shoals:4 | Entered Level 4 of the Shoals
 25860 | Shoals:4 | Noticed Bai Suzhen
 25907 | Shoals:3 | Killed Bai Suzhen
 26276 | Shoals:4 | Got a barnacled rune of Zot
 26456 | Shoals:4 | Identified the ring "Huebbuh" {*Slow rElec rF+ rN++ Slay+3}
 26547 | Shoals:4 | Identified the +6 spear of Woe {heavy, rElec rN+}
 26898 | Shoals:4 | Reached XP level 20. HP: 133/159 MP: 37/37
 26914 | Shoals:4 | Noticed Polyphemus
 26946 | Shoals:4 | Killed Polyphemus
 27383 | Vaults:2 | Identified the "Yntued Vick"
 27383 | Vaults:5 | Identified the "Zozu"
 27383 | Elf:1    | Entered Level 1 of the Elven Halls
 27501 | Elf:1    | Noticed Agnes
 27517 | Elf:1    | Killed Agnes
 28170 | Elf:2    | Found Vammurerph's Antique Armour Shoppe.
 28495 | Elf:2    | Reached skill level 15 in Invocations
 28651 | Elf:2    | Found a runed translucent gate.
 28656 | Elf:2    | Found a runed translucent gate.
 28661 | Elf:2    | Found a runed translucent gate.
 29041 | Elf:3    | Identified the "Vili"
 29041 | Elf:3    | Identified the "Joijuqymi"
 29041 | Elf:3    | Entered Level 3 of the Elven Halls
 29060 | Elf:3    | Found Keraffis's Jewellery Shoppe.
 29237 | Elf:3    | Found a magical portal.
 29246 | WizLab   | Entered Borgnjor's Mausoleum
 29464 | Elf:3    | Identified the +1 leather armour of Rotini {+Blink rC+
                  | MP+9}
 30000 | Elf:3    | Identified the +4 scimitar of Innegh {vamp, rF+}
 30024 | Elf:3    | Identified the +1 dagger "Spiderslayer" {freeze, rF+}
 30033 | Elf:3    | Identified the +9 great sword "Kiteylac" {freeze, Int+3}
 30078 | Elf:3    | Identified the +2 ring mail of Jocular Surprise {Dex+3}
 30312 | Vaults:1 | Entered Level 1 of the Vaults
 30430 | Vaults:1 | Reached XP level 21. HP: 167/167 MP: 39/39
 30770 | Vaults:1 | Reached skill level 15 in Fighting
 30770 | Vaults:1 | Reached skill level 15 in Dodging
 31761 | Vaults:2 | Noticed Saint Roka
 31808 | Vaults:2 | Killed Saint Roka
 31976 | Vaults:2 | Paralysed by a formless jellyfish for 1 turns
 32792 | Vaults:2 | Reached skill level 15 in Stealth
 32849 | Vaults:2 | Found Fonuacurph's Weapon Boutique.
 33147 | Vaults:3 | Reached XP level 22. HP: 100/176 MP: 40/40
 33460 | Vaults:3 | Reached skill level 15 in Short Blades
 33460 | Vaults:3 | Reached skill level 15 in Long Blades
 33460 | Vaults:3 | Reached skill level 15 in Axes
 33460 | Vaults:3 | Reached skill level 15 in Maces & Flails
 33460 | Vaults:3 | Reached skill level 15 in Polearms
 33460 | Vaults:3 | Reached skill level 15 in Staves
 33460 | Vaults:3 | Reached skill level 15 in Throwing
 33460 | Vaults:3 | Reached skill level 15 in Armour
 33460 | Vaults:3 | Reached skill level 15 in Shields
 33460 | Vaults:3 | Reached skill level 15 in Unarmed Combat
 33460 | Vaults:3 | Reached skill level 15 in Spellcasting
 33460 | Vaults:3 | Reached skill level 15 in Evocations
 33865 | Vaults:3 | Noticed Nikola
 33871 | Vaults:3 | Killed Nikola
 33934 | Vaults:3 | Noticed Mennas
 33963 | Vaults:3 | Killed Mennas
 33973 | Vaults:3 | Found a runed translucent gate.
 33973 | Vaults:3 | Found a runed translucent gate.
 33974 | Vaults:3 | Found a runed translucent gate.
 33974 | Vaults:3 | Noticed Xihuodghy's ghost (adept MiBe)
 34179 | Vaults:3 | Found a staircase to the Crypt.
 34612 | Vaults:4 | Paralysed by a sphinx for 3 turns
 34617 | Vaults:4 | Paralysed by a sphinx for 2 turns
 35261 | Vaults:4 | Found a runed translucent gate.
 35261 | Vaults:4 | Found a runed translucent gate.
 35262 | Vaults:4 | Found a runed translucent gate.
 35264 | Vaults:4 | Noticed Kauz's ghost (adept HOBr)
 35448 | Vaults:4 | Found the +8 frozen axe "Frostbite" {freeze, freezing
                  | cloud, *Noise Fly rC+}
 35569 | Vaults:4 | Killed Kauz's ghost
 35656 | Vaults:4 | Identified the +0 hat "Xuyhuafepp" {rN+ Dex+5}
 35834 | Vaults:5 | Entered Level 5 of the Vaults
 35847 | Vaults:5 | Reached XP level 23. HP: 184/184 MP: 42/42
 35852 | Vaults:5 | Killed a golden dragon
 35861 | Vaults:5 | Noticed a golden dragon
 35871 | Vaults:5 | Killed a golden dragon
 35877 | Vaults:5 | Killed a golden dragon
 35899 | Vaults:5 | Killed an ancient lich
 35955 | Vaults:5 | Identified the staff of Harmony {rElec rF+ rC+ Ice}
 36093 | Vaults:5 | Identified the +7 dire flail of Uxoirchao {flame, +Blink
                  | rPois}
 36222 | Vaults:5 | Noticed a golden dragon
 36227 | Vaults:5 | Killed a golden dragon
 36408 | Vaults:5 | Noticed a golden dragon
 36421 | Vaults:5 | Killed a golden dragon
 36517 | Vaults:5 | Got a silver rune of Zot
 36749 | Vaults:5 | Found the +9 sword of Zonguldrok {reap}
 36786 | Vaults:5 | Identified the ring of Guerug {rF+ Str+6 Dex+4}
 37816 | D:15     | Entered Level 15 of the Dungeon
 38089 | D:15     | Found a staircase to the Depths.
 38580 | D:15     | Found Buonisch's Serpentskin Sales.
 38674 | Depths:1 | Entered Level 1 of the Depths
 38819 | Depths:1 | Reached XP level 24. HP: 193/193 MP: 43/43
 38851 | Depths:1 | Reached skill level 15 in Shapeshifting
 39063 | Depths:1 | Found Big Baal Hell's Store.
 39081 | Depths:1 | Found a gateway to Hell.
 39236 | Depths:1 | Found a hide-covered altar of Uskayaw.
 39272 | Depths:1 | Paralysed by a sphinx for 3 turns
 39526 | Depths:2 | Found Liwypead's Antique Weapon Shoppe.
 39547 | Depths:2 | Paralysed by a vampire knight for 2 turns
 39552 | Depths:2 | Identified the +10 war axe of Collusion {flame, rElec
                  | Str+2}
 39554 | Depths:2 | Noticed a juggernaut
 39559 | Depths:2 | Identified the +5 halberd of World Downfall {flame, rC-
                  | Int+3 Dex+4}
 39569 | Depths:2 | Killed a juggernaut
 39730 | Depths:2 | Found the +8 storm bow {elec, penet}
 39811 | Depths:2 | Found a glowing golden altar of the Shining One.
 39812 | Depths:2 | Found an opulent altar of Gozag.
 39818 | Depths:2 | Found a white marble altar of Elyvilon.
 39818 | Depths:2 | Found a snail-covered altar of Cheibriados.
 40423 | Depths:2 | Found a one-way gate leading to the halls of Pandemonium.
 40574 | Depths:3 | Found a transporter.
 40649 | Depths:3 | Found Ugiff's Jewellery Emporium.
 40871 | Depths:3 | Identified the ring of Xouhema {Will+ MP+9 Str+3 Dex+2}
 40921 | Depths:3 | Paralysed by a sphinx for 2 turns
 40947 | Depths:3 | Identified the ring of the Madman {Will+ Str+2 Stlth+}
 40997 | Depths:3 | Identified the ring "Uxyllai" {Ice Will+}
 41125 | Depths:3 | Identified the ring "Kareanne" {rC+ rN+ MP+9 Str+2}
 41276 | Depths:3 | Reached XP level 25. HP: 202/202 MP: 43/43
 41527 | Depths:3 | Found a transporter.
 41607 | Depths:3 | Identified the +1 chain mail of Bellicose Salvation {-Tele
                  | rElec Int+4 Dex+2}
 41624 | Depths:4 | Entered Level 4 of the Depths
 41777 | Depths:4 | Found Iruseiqiki's Mail-Order Catalogue.
 41862 | Depths:4 | Paralysed by something for 5 turns
 41973 | Depths:4 | Found a one-way gateway to a ziggurat.
 42114 | Depths:4 | Found Qukopot's Armour Shop.
 42288 | Depths:4 | Found a gate to the Realm of Zot.
 42353 | Zot:1    | Entered Level 1 of the Realm of Zot
 42600 | Zot:1    | Noticed Vv
 42769 | Zot:1    | Noticed an orb of fire
 42778 | Zot:1    | Gained mutation: Potions are less effective at restoring
                  | your health. [an orb of fire]
 42781 | Zot:1    | Gained mutation: You are frail. (-10% HP) [an orb of fire]
 42799 | Zot:1    | Gained mutation: Your spells are a little harder to cast,
                  | but a little more powerful. [an orb of fire]
 42802 | Zot:1    | Gained mutation: Your body sometimes deteriorates upon
                  | taking damage. [an orb of fire]
 42803 | Zot:1    | Gained mutation: Your body often deteriorates upon taking
                  | damage. [an orb of fire]
 42817 | Zot:1    | Killed an orb of fire
 42858 | Zot:1    | Lost mutation: Potions are less effective at restoring your
                  | health. [potion of mutation]
 42858 | Zot:1    | Lost mutation: You are frail. (-10% HP) [potion of
                  | mutation]
 42858 | Zot:1    | Lost mutation: Your body often deteriorates upon taking
                  | damage. [potion of mutation]
 42858 | Zot:1    | Gained mutation: Your magical capacity is low. (-10% MP)
                  | [potion of mutation]
 42858 | Zot:1    | Gained mutation: You have hidden genetic potential. [potion
                  | of mutation]
 43006 | Zot:1    | Noticed a Killer Klown
 43011 | Zot:1    | Noticed a Killer Klown
 43050 | Zot:1    | Killed a Killer Klown
 43076 | Zot:1    | Killed a Killer Klown
 43587 | Zot:2    | Reached XP level 26. HP: 201/211 MP: 40/40
 43801 | Zot:3    | Reached skill level 15 in Conjurations
 43801 | Zot:3    | Reached skill level 15 in Hexes
 43801 | Zot:3    | Reached skill level 15 in Summonings
 43801 | Zot:3    | Reached skill level 15 in Necromancy
 43801 | Zot:3    | Reached skill level 15 in Translocations
 43801 | Zot:3    | Reached skill level 15 in Transmutations
 43801 | Zot:3    | Reached skill level 15 in Fire Magic
 43801 | Zot:3    | Reached skill level 15 in Ice Magic
 43801 | Zot:3    | Reached skill level 15 in Air Magic
 43801 | Zot:3    | Reached skill level 15 in Earth Magic
 43801 | Zot:3    | Reached skill level 15 in Poison Magic
 43921 | Zot:5    | Identified the "Weasajai"
 43921 | Zot:5    | Entered Level 5 of the Realm of Zot
 44433 | Zot:5    | Noticed a dread lich
 44442 | Zot:5    | Noticed a Killer Klown
 44442 | Zot:5    | Noticed an orb of fire
 44444 | Zot:5    | Noticed a dread lich
 44448 | Zot:5    | Noticed an orb of fire
 44472 | Zot:5    | Killed a dread lich
 44489 | Zot:5    | Killed a Killer Klown
 44499 | Zot:5    | Noticed an ancient lich
 44506 | Zot:5    | Killed an ancient lich
 44520 | Zot:5    | Noticed an orb of fire
 44520 | Zot:5    | Killed an ancient lich
 44521 | Zot:5    | Gained mutation: You are occasionally teleported next to
                  | monsters. [an orb of fire]
 44522 | Zot:5    | Got the Orb of Zot
 44554 | Zot:5    | Noticed a Killer Klown
 44571 | Zot:5    | Lost mutation: Your magical capacity is low. (-10% MP)
                  | [hidden potential]
 44951 | D:8      | Noticed Zeomalich the pandemonium lord
 45064 | D:5      | Noticed Ageimi the pandemonium lord
 45113 | D:$      | Escaped with the Orb!

Illustrated notes

Levels and vault maps discovered:
D:1:      minmay_arrival_semitransparent, layout_basic, minmay_split_cup_large
D:2:      layout_basic, basic_altar, serial_shops, shop, dk_noncrumbling_4
D:3:      layout_loops_ring, dreamdust_ecumenical_altar_statues,
          minmay_close_crescents
D:4:      wad_river_or_something, layout_basic, patterned_corridor, uniq_edmund
D:5:      layout_rooms, mainiacjoe_overflow_alcove_4,
          minmay_temple_entry_antechambers, serial_shops, nicolae_square_shop,
          nicolae_shop_just_a_little_nook, shop, shop, shop,
          gammafunk_ghost_necromancy
D:6:      dreamdust_elfheim, layout_basic, okawaru_gym_becter,
          ashenzari_conservatory_becter, hex_large, roderic_batcave
D:7:      layout_loops_ring, gammafunk_temple_overflow_claw,
          uniq_crazy_yiuf_cottage
D:8:      layout_cave_pools, nicolae_kikubaaqudgha_miasma_corner,
          hellmonk_lair_entry_icy, enter_ossuary_4, serial_gnoll_camp,
          gnoll_camp_mini_hut, gnoll_camp_huts_moat, gnoll_camp_mini_basic,
          gnoll_camp_medium_02, gnoll_camp_mini_sergeant, gnoll_camp_mini_hut
D:9:      layout_rooms, nicolae_ru_path_of_blood, enter_bailey_2, uniq_maggie
D:10:     layout_layer_cave, pf_just_have_faith, orc_0_dummy, uniq_josephine
D:11:     layout_basic, hellmonk_guarded_unrand_dark_maul, uniq_erolcha
D:12:     layout_loops_corners, uniq_rupert
D:13:     layout_loops_ring, hangedman_vaults_entry_quadrant_bands,
          ebering_ghost_inner_flame, chequers_serial_rivers_small_b,
          glass_columns_c
D:14:     layout_basic, lemuel_tele_altar
D:15:     grunt_enter_depths_magical_seal, layout_loops_ring,
          amcnicky_mini_pool_small, guppyfry_shop_venom
Temple:   nicolae_temple_ecumenical_triangle
Lair:1:   layout_regular_city, serial_bayou_crossing, grunt_megastairs_4
Lair:2:   layout_roguey, minmay_snake_entry_guardpost_small, special_room
          [special_room_bee], serial_bayou_shore_a
Lair:3:   layout_chaotic_city, nicolae_shoals_entry_roost, st_stairs_11
Lair:4:   layout_long_grid, minmay_slime_entry_pillars
Lair:5:   hellmonk_lair_end_abyssal_woods, layout_misc_corridors,
          lemuel_old_faithful
Shoals:1: layout_shoals
Shoals:2: layout_shoals, ebering_ghost_rock_garden
Shoals:3: nicolae_shoals_offshore_bank_account, layout_shoals,
          nicolae_specific_store
Shoals:4: shoals_end_simple, layout_shoals, nicolae_shoals_lost_giant_pillars,
          uniq_polyphemus, uniq_bai_suzhen
Snake:1:  layout_onion_interference, portal_ice_cave_entry_frozen_things,
          hellmonk_ghost_happy_afterlife, grunt_megastairs_2, minmay_shop_star
Snake:2:  nicolae_snake_crotalidae_crossing, layout_layer_cave, uniq_roxanne,
          uniq_kirke
Snake:3:  layout_cave_town, serial_bayou_lake_a
Snake:4:  snake_pit_salamanders_mu, layout_chambers, st_stairs_12
Orc:1:    layout_caves, serial_shops, nicolae_shop_hallway_stairs, mines2_david
Orc:2:    grunt_orc_gardens, layout_caves, grunt_orc_garden, grunt_orc_garden,
          grunt_orc_garden, grunt_orc_garden, serial_shops, shop,
          ebering_ghost_gozag
Elf:1:    layout_gridlike, minmay_elf_crystal_hexagon, grunt_ministairs_3,
          nicolae_letterblocks [nicolae_letter_subblock,
          nicolae_letter_subblock, nicolae_letter_subblock,
          nicolae_letter_subblock, nicolae_letter_subblock,
          nicolae_letter_subblock, nicolae_letter_subblock,
          nicolae_letter_subblock, nicolae_letter_subblock,
          nicolae_letter_subblock, nicolae_letter_subblock,
          nicolae_letter_subblock, nicolae_letter_subblock,
          nicolae_letter_subblock, nicolae_letter_subblock,
          nicolae_letter_subblock, nicolae_letter_subblock,
          nicolae_letter_subblock, nicolae_letter_subblock,
          nicolae_letter_subblock, nicolae_letter_subblock,
          nicolae_letter_subblock, nicolae_letter_subblock,
          nicolae_letter_subblock, nicolae_letter_subblock], uniq_agnes
Elf:2:    elven_hall_of_blades_hangedman_original
          [nicolae_blade_entry_antechamber], layout_loops_corners, serial_shops,
          nicolae_shop_tiny_statue_garden, uniq_azrael
Elf:3:    grunt_elf_hall_branching, layout_onion_city, mu_enter_wizlab_6,
          serial_shops, shop
Vaults:1: nicolae_vaults_turnstiles, nicolae_vaults_wine_cellar,
          ontoclasm_vaults_ligature, dpeg_vaults_monster_box, v_pattern_1,
          nicolae_vaults_trapezoid_lopsided_1,
          nicolae_vaults_storage_room_glass, nicolae_vaults_tetromino_L_1,
          nicolae_vaults_rhombus_7, nicolae_vaults_closet_pinwheel_1,
          layout_vaults_big_room
Vaults:2: v_misc_31, nicolae_vaults_doubleplus_tesselated,
          nicolae_vaults_border_crossing, nicolae_vaults_back_hallway,
          nicolae_vaults_diffraction_hallways, nicolae_vaults_network_square,
          v_alt_pattern_6, nicolae_vaults_diamond_1, ontoclasm_vaults_spin,
          vaults_room_hallway, vaults_dpeg_hooks, layout_vaults_maze_snakey,
          serial_shops, shop, uniq_saint_roka, uniq_margery
Vaults:3: biasface_ghost_orc_armoury, nicolae_vaults_little_squares_2,
          nicolae_vaults_frosty_reception, vaults_room_corners, v_misc_33,
          nicolae_vaults_cochlea, v_misc_12,
          vaults_standard_mumra_enter_the_diamond,
          nicolae_vaults_closet_pinwheel_3, minmay_crypt_entry_skeletal_spiral,
          layout_vaults_omnicross, uniq_nikola, uniq_mennas
Vaults:4: gammafunk_ghost_tricky_traps, grunt_vaults_hallway_long,
          nicolae_vaults_little_squares_1, hangedman_vaults_unwind,
          nicolae_vaults_mini_display_case, hangedman_vaults_corner,
          hangedman_vaults_stream, nicolae_vaults_stairing_the_circle,
          nicolae_vaults_tetromino_Z_1, vaults_room_fancy_cross, v_misc_9,
          ontoclasm_vaults_ring_small, vaults_dpeg_cross, layout_vaults_omnibox
Vaults:5
Depths:1: layout_cave_pools, nicolae_hell_entry_big_baal_hell, abyss_entry,
          nicolae_uskayaw_suspiria, serial_bayou_shore_b
Depths:2: minmay_the_grid_octo_tiled_squarecenter [minmay_the_grid_octo_shrine,
          minmay_the_grid_octo_77, minmay_the_grid_octo_concentric,
          minmay_the_grid_octo_pinwheel,
          minmay_the_grid_square_5x5_megaprize_open,
          minmay_the_grid_square_5x5_gyroscope,
          minmay_the_grid_square_5x5_minivault, minmay_the_grid_square_5x5_tie,
          minmay_the_grid_square_5x5_two_small], layout_gridlike, hellmouth_1,
          serial_shops, shop, pan_entry, hangedman_abyss_or_decor_stagger,
          minmay_staircase_bubble
Depths:3: hangedman_spin_cycle, hell_entry, abyss_entry
Depths:4: grunt_zot_entry_tricorne, layout_cave_shapes, enter_ziggurat_b,
          serial_shops, nicolae_shop_statue_plus, hell_entry,
          monkooky_shop_mail_order, kennysheep_random_hallway
Zot:1:    grunt_zot_stairs_faceoff, layout_cathedral_of_symmetry,
          bh_zot_levy_curve, regret_index_zotdec_bone_old, bh_zot_ikea_curve,
          uniq_vv
Zot:2:    layout_twisted_circle, regret_index_zotdec_under_construction
Zot:3:    layout_misc_corridors, hangedman_zot_decor_checkerboard,
          uniq_josephina
Zot:4:    layout_concentric_octagons, regret_index_zotdec_onion_hex
Zot:5:    layout_twisted_circle

Skill      XL: |  1  2  3  4  5  6  7  8  9 10 11 12 13 14 15 16 17 18 19 20 21 22 23 24 25 26 |
---------------+-------------------------------------------------------------------------------+-----
Invocations    | 1 2 3 4 5 6 7 8 9 10 11 12 13 14 15 16 17 18 19 | 19.4
Short Blades   | 1 2 3 4 5 6 7 8 9 10 11 12 13 14 15 16 17 18 | 18.0
Long Blades    | 1 2 3 4 5 6 7 8 9 10 11 12 13 14 15 16 17 18 | 18.0
Axes           | 1 2 3 4 5 6 7 8 9 10 11 12 13 14 15 16 17 18 | 18.0
Maces & Flails | 1 2 3 4 5 6 7 8 9 10 11 12 13 14 15 16 17 18 | 18.0
Polearms       | 1 2 3 4 5 6 7 8 9 10 11 12 13 14 15 16 17 18 | 18.0
Staves         | 1 2 3 4 5 6 7 8 9 10 11 12 13 14 15 16 17 18 | 18.0
Throwing       | 1 2 3 4 5 6 7 8 9 10 11 12 13 14 15 16 17 18 | 18.0
Armour         | 1 2 3 4 5 6 7 8 9 10 11 12 13 14 15 16 17 18 | 18.0
Shields        | 1 2 3 4 5 6 7 8 9 10 11 12 13 14 15 16 17 18 | 18.0
Unarmed Combat | 1 2 3 4 5 6 7 8 9 10 11 12 13 14 15 16 17 18 | 18.0
Spellcasting   | 1 2 3 4 5 6 7 8 9 10 11 12 13 14 15 16 17 18 | 18.0
Evocations     | 1 2 3 4 5 6 7 8 9 10 11 12 13 14 15 16 17 18 | 18.0
Shapeshifting  | 1 2 3 4 5 6 7 8 9 10 11 12 13 14 15 16 | 16.6
Conjurations   | 1 2 3 4 5 6 7 8 9 10 11 12 13 14 15 | 15.3
Hexes          | 1 2 3 4 5 6 7 8 9 10 11 12 13 14 15 | 15.3
Summonings     | 1 2 3 4 5 6 7 8 9 10 11 12 13 14 15 | 15.3
Necromancy     | 1 2 3 4 5 6 7 8 9 10 11 12 13 14 15 | 15.3
Translocations | 1 2 3 4 5 6 7 8 9 10 11 12 13 14 15 | 15.3
Transmutations | 1 2 3 4 5 6 7 8 9 10 11 12 13 14 15 | 15.3
Fire Magic     | 1 2 3 4 5 6 7 8 9 10 11 12 13 14 15 | 15.3
Ice Magic      | 1 2 3 4 5 6 7 8 9 10 11 12 13 14 15 | 15.3
Air Magic      | 1 2 3 4 5 6 7 8 9 10 11 12 13 14 15 | 15.3
Earth Magic    | 1 2 3 4 5 6 7 8 9 10 11 12 13 14 15 | 15.3
Poison Magic   | 1 2 3 4 5 6 7 8 9 10 11 12 13 14 15 | 15.3
Fighting       | 5 6 7 8 9 10 11 12 13 14 15 16 17 18 | 18.5
Dodging        | 5 6 7 8 9 10 11 12 13 14 15 16 17 18 | 18.5
Stealth        | 3 4 5 6 7 8 9 10 11 12 13 14 15 16 17 18 | 18.1
Ranged Weapons | 9 10 11 12 13 14 15 16 17 18 19 | 19.5

Action                     |  1- 3 |  4- 6 |  7- 9 | 10-12 | 13-15 | 16-18 | 19-21 | 22-24 | 25-27 || total
---------------------------+-------+-------+-------+-------+-------+-------+-------+-------+-------++-------
  Melee: Shortbow          |       |       |     3 |       |       |       |       |       |       ||     3
         Maul              |       |       |       |    58 |    25 |       |       |       |       ||    83
         Bite              |       |       |       |     7 |     1 |       |     1 |     2 |       ||    11
         Orcbow            |       |       |       |       |     1 |       |       |       |       ||     1
         Unarmed           |       |       |       |       |       |     2 |       |       |       ||     2
         Arbalest          |       |       |       |       |       |       |     1 |     2 |       ||     3
         Hand cannon       |       |       |       |       |       |       |       |     4 |       ||     4
   Fire: Shortbow          |    69 |   241 |   443 |   956 |       |       |       |       |       ||  1709
         Orcbow            |       |       |       |       |  1043 |  1918 |  1586 |       |       ||  4547
         Arbalest          |       |       |       |       |       |       |   283 |   911 |       ||  1194
         Hand cannon       |       |       |       |       |       |       |       |   795 |   916 ||  1711
         Longbow           |       |       |       |       |       |       |       |    47 |       ||    47
  Throw: Dart              |       |       |       |    15 |     2 |     3 |     2 |       |       ||    22
         Throwing net      |       |       |       |       |     2 |     2 |     2 |       |       ||     6
 Invoke: Potion Petition   |       |       |     1 |       |       |       |       |       |     2 ||     3
         Call Merchant     |       |       |       |     2 |     2 |     4 |       |       |       ||     8
         Bribe Branch      |       |       |       |       |       |       |     1 |     1 |     2 ||     4
  Evoke: Wand              |       |       |       |    12 |       |     3 |    22 |    10 |    15 ||    62
         Phial of floods   |       |       |       |     1 |     1 |     1 |     1 |     2 |     1 ||     7
         Tin of tremorston |       |       |       |       |       |       |     6 |     7 |     5 ||    18
         Box of beasts     |       |       |       |       |       |       |     2 |     4 |     1 ||     7
         Lightning rod     |       |       |       |       |       |       |       |     7 |     4 ||    11
         Phantom mirror    |       |       |       |       |       |       |       |     1 |       ||     1
    Use: Scroll            |     8 |     6 |    12 |     4 |     9 |     6 |    15 |    12 |    11 ||    83
         Potion            |       |       |     2 |       |     4 |       |     4 |    12 |     7 ||    29
   Stab: Sleeping          |       |       |       |       |     2 |       |       |       |       ||     2
         Distracted        |       |       |       |       |     1 |       |       |       |       ||     1
 Armour: Leather armour    |     6 |    40 |   162 |   135 |       |       |       |       |       ||   343
         Steam dragon scal |       |       |       |   177 |   169 |   454 |    25 |       |       ||   825
         Skin              |       |       |       |       |    18 |     1 |     1 |     2 |       ||    22
         Chain mail        |       |       |       |       |       |       |   891 |   931 |   454 ||  2276
         Scale mail        |       |       |       |       |       |       |    32 |       |       ||    32
  Dodge: Dodged            |     9 |    66 |   155 |   616 |   466 |   955 |  1100 |  1168 |   526 ||  5061
  Block: Kite shield       |       |       |       |       |       |       |       |   639 |   641 ||  1280

Table legend: (Time is in decaauts)
 A = Elapsed time spent in this place.
 B = Non-inter-level travel time spent in this place.
 C = Inter-level travel time spent in this place.
 D = Time resting spent in this place.
 E = Time spent auto-exploring this place.
 F = Levels seen in this place.
 G = Mean time per level.
                   A        B        C        D        E       F      G
               +--------+--------+--------+--------+--------+-----+--------+
         Total |  45591 |  40837 |   4754 |    505 |  26679 |  52 |  876.8 |
       Dungeon |  14001 |  12450 |   1551 |    339 |   9017 |  15 |  933.4 |
        Temple |     11 |      1 |     10 |      0 |      0 |   1 |   11.0 |
          Lair |   4321 |   4014 |    307 |      8 |   3010 |   5 |  864.2 |
        Shoals |   3487 |   3102 |    385 |     57 |   1971 |   4 |  871.8 |
     Snake Pit |   4658 |   4188 |    470 |     15 |   2852 |   4 | 1164.5 |
  Orcish Mines |   1952 |   1834 |    118 |      0 |   1004 |   2 |  976.0 |
   Elven Halls |   2885 |   2565 |    320 |      0 |   1769 |   3 |  961.7 |
        Vaults |   7220 |   6848 |    372 |      5 |   4303 |   5 | 1444.0 |
        Depths |   4080 |   3912 |    168 |     56 |   2158 |   4 | 1020.0 |
           Zot |   2419 |   1370 |   1049 |     24 |    337 |   5 |  483.8 |
       Ossuary |    188 |    188 |      0 |      0 |     67 |   1 |  188.0 |
        Bailey |    284 |    284 |      0 |      0 |    159 |   1 |  284.0 |
      Ice Cave |     63 |     63 |      0 |      0 |     17 |   1 |   63.0 |
        Wizlab |     16 |     16 |      0 |      0 |     12 |   1 |   16.0 |
               +--------+--------+--------+--------+--------+-----+--------+

Top non-repeatable levels by time:
Vaults:4: 1672 daAuts
     D:8: 1482 daAuts
 Snake:4: 1456 daAuts
Vaults:5: 1434 daAuts
Vaults:3: 1433 daAuts
 Snake:2: 1373 daAuts
Vaults:2: 1369 daAuts
    D:10: 1350 daAuts
Vaults:1: 1311 daAuts
Shoals:4: 1299 daAuts
Depths:2: 1260 daAuts
   Elf:3: 1170 daAuts
     D:4: 1125 daAuts
Depths:3: 1110 daAuts
  Lair:5: 1101 daAuts
